AoeStats
← Clueless Clown

Socotra

506431686Analyzed
3v3 RM · 18d ago on Sep 13, 2026· 27m 58s· 6 players
Game mode
Random Map
Map size
128×128
Population
200
Speed
Normal
Resources
Standard
Victory
Conquest
Starting age
Dark Age
Ending age
Imperial Age
RankedLock teamsTeams togetherTeam positionsShared explorationLock speedFull tech treeHidden civsTurbo modeCheats
Victory
Defeat
1162
+14
🇹🇼 Inca · Taiwan
1149
+15
🇹🇼 Portuguese · Taiwan
1122
+16
🇨🇿 Cumans · Czechia
1156
-16
🇺🇸 Teutons · United States
1119
-15
🇫🇮 Ethiopians · Finland
1088
-14
洗勒烤喔
4:40 Loom
9:15 Feudal Age
20:29 Castle Age
19:01 Double-Bit Axe
22:01 Fletching
神速デュバリィ
9:46 Feudal Age
8:04 Loom
10:41 Double-Bit Axe
15:46 Castle Age
15:11 Scale Barding Armor
15:02 Gold Mining
19:36 Forging
19:32 Horse Collar
23:19 Bloodlines
25:28 Bow Saw
26:26 Chain Barding Armor
28:04 Wheelbarrow
28:16 Heavy Plow
ArtherRen
0:44 Loom
11:17 Feudal Age
12:22 Double-Bit Axe
12:54 Champi Runner
18:52 Fletching
23:50 Castle Age
22:01 Horse Collar
22:15 Gold Mining
22:43 Padded Archer Armor
23:30 Stone Mining
24:10 Crossbowman
24:13 Elite Skirmisher
26:24 Squires
28:06 Scale Mail Armor
28:17 Forging
Clueless Clown
7:06 Loom
9:05 Feudal Age
9:41 Double-Bit Axe
9:39 Horse Collar
18:13 Fletching
22:57 Wheelbarrow
WANNABE VILLEPEKKA
1:15 Loom
11:54 Feudal Age
12:45 Double-Bit Axe
13:36 Horse Collar
16:22 Fletching
16:32 Padded Archer Armor
26:14 Castle Age
26:25 Scale Barding Armor
26:31 Forging
26:15 Crossbowman
27:42 Bodkin Arrow
Stromovous
7:33 Loom
9:36 Feudal Age
10:50 Double-Bit Axe
16:19 Horse Collar
17:12 Bloodlines
21:13 Forging
23:02 Wheelbarrow
25:43 Castle Age
23:51 Gold Mining
24:20 Scale Barding Armor
25:14 Town Watch
25:36 Stone Mining
27:06 Chain Barding Armor
26:54 Heavy Plow
28:06 Iron Casting
Connection lost

Rejoining the realm…

Still unreachable

The connection could not be restored.

Session expired

The server has moved on; the page needs a fresh start.